 Dungeon Crawl Stone Soup version 0.23.0-28-g6fe0f4d (webtiles) character file.

Game seed: 16799431207260332403

18 Kairos the Skirmisher (level 2, 25/25 HPs)
             Began as a Formicid Abyssal Knight on Feb 25, 2019.
             Was a Follower of Lugonu.
             Quit the game on level 1 of the Dungeon.
             The game lasted 00:02:07 (1012 turns).

Kairos the Skirmisher (Formicid Abyssal Knight)     Turns: 1012, Time: 00:02:08

Health: 25/25      AC:  5    Str: 14 (16) XL:     2   Next: 90%
Magic:  3/3        EV: 11    Int:  8 (11) God:    Lugonu [*.....]
Gold:   64         SH:  0    Dex:  7 (10) Spells: 1/1 levels left

rFire    + . .     SeeInvis +   a - +1 hand axe
rCold    . . .     Gourm    .   (no shield)
rNeg     . . .     Faith    .   g - +0 leather armour {rF+}
rPois    .         Spirit   .   (helmet unavailable)
rElec    .         Reflect  .   (no cloak)
rCorr    .         Harm     .   (no gloves)
MR       .....                  e - +1 pair of boots
Stlth    +.........             (no amulet)
HPRegen  0.08/turn              (no ring)
MPRegen  0.08/turn              (no ring)

@: no status effects
A: permanent stasis, dig shafts and tunnels, four strong arms, antennae 3
a: Dig, Shaft Self, Depart the Abyss, Renounce Religion


You were on level 1 of the Dungeon.
You worshipped Lugonu.
Lugonu was aware of your devotion.
You were not hungry.

You visited 1 branch of the dungeon, and saw 1 of its levels.
You visited the Abyss 1 time.

You collected 64 gold pieces.

Inventory:

Hand Weapons
 a - a +1 hand axe (weapon)
Armour
 b - a +0 leather armour
 e - a +1 pair of boots (worn)
 g - a +0 leather armour of fire resistance (worn)
Potions
 f - a potion of curing
Comestibles
 c - 4 rations


   Skills:
 + Level 3.9 Fighting
 + Level 2.3 Axes
 + Level 2.4 Armour
 + Level 0.8 Dodging
 + Level 2.2 Invocations


You had one spell level left.
You didn't know any spells.
Your spell library was empty.

Dungeon Overview and Level Annotations

Branches:
Dungeon (1/15)

Altars:


Innate Abilities, Weirdness & Mutations

You cannot be hasted, slowed, berserked, paralysed or teleported.
You can dig through walls and to a lower floor.
Your four strong arms can wield two-handed weapons with a shield.
You have a pair of large antennae on your head. (SInv)


Message History

a +0 dagger; a kobold corpse You see here a stone.
Key pressed, stopping explore.
No target in view!
Key pressed, stopping explore.
There is an open door here.
Done exploring.
Done exploring.
No target in view!
No target in view!
Done exploring.
As you read the scroll labeled JAONYTAYLU, it crumbles to dust.
It is a scroll of identify.
f - a potion of curing You aren't carrying any scrolls.
It was a potion of cancellation.
You feel magically purged.
It was a potion of degeneration.
There was something very wrong with that liquid.
You feel weakened.
You feel dopey.
You feel clumsy.
Are you sure you want to abandon this character and quit the game? (Confirm with "yes".)

#.######.###....
########...............
#..........####.###....
#..........# #.# #....
#..........# #.# #....
#..........# #.# #....
########.### #.# #....
#......#.# #.# #....
#.####@#.######.# #....
#.#...........#.# #....
#.#....#.####.#.# #....
#.#....#.# #.#.#######
#.#......# #..........
#.#.###########.#######
#...............#......
##########.................)†.
#..........................†..


There were no monsters in sight!

Vanquished Creatures
  2 giant cockroaches (D:1)
  A goblin (D:1)
  3 hobgoblins (D:1)
  4 jackals (D:1)
  4 kobolds (D:1)
  A bat (D:1)
15 creatures vanquished.

Notes
Turn   | Place    | Note
-------+----------+-------------------------------------------
     0 | Abyss:1  | Kairos the Formicid Abyssal Knight began the quest for the
                  | Orb.
     0 | Abyss:1  | Reached XP level 1. HP: 18/18 MP: 2/2
     6 | Abyss:1  | Found a corrupted altar of Lugonu.
    63 | Abyss:1  | Noticed a shining eye
    66 | Abyss:1  | Noticed a small abomination
    99 | Abyss:1  | Noticed a small abomination
   129 | Abyss:1  | Noticed a brown very ugly thing
   154 | D:1      | Escaped the Abyss
   471 | D:1      | Reached XP level 2. HP: 22/24 MP: 3/3
   770 | D:1      | Reached * piety under Lugonu
  1012 | D:1      | Quit the game

Action                   || total
-------------------------++-------
Melee: Hand axe          ||    53
Invok: Depart the Abyss  ||     1
  Use: Potion            ||     2
       Scroll            ||     1
Armor: Leather armour    ||    14
Dodge: Dodged            ||    35
